 Dungeon Crawl Stone Soup version 0.29-a0-284-gf9362112df (webtiles) character file.

Game seed: 17255129810162764600

253 yunder69 the Poker (level 5, -1/46 HPs)
             Began as a Minotaur Berserker on Mar 25, 2022.
             Was a Believer of Trog.
             Slain by an orc warrior
             ... wielding a +0 trident
              (7 damage)
             ... on level 6 of the Dungeon.
             The game lasted 00:14:06 (2809 turns).

yunder69 the Poker (Minotaur Berserker)             Turns: 2809, Time: 00:14:06

Health: -1/46      AC:  6    Str: 22    XL:     5   Next: 90%
Magic:  4/4        EV: 12    Int:  6    God:    Trog [**....]
Gold:   205        SH:  0    Dex:  9    Spells: 4/4 levels left

rFire   + + .      SeeInvis .   v - +10 mace "Tasuril" {elec, rPois}
rCold   x . .      Faith    .   (no shield)
rNeg    . . .      Spirit   .   m - +0 leather armour {rF+}
rPois   +          Reflect  .   (helmet restricted)
rElec   .          Harm     .   t - +2 cloak {Will+}
rCorr   .          Rampage  .   (no gloves)
Will    +++..                   (no boots)
Stlth   +.........              (no amulet)
HPRegen 1.15/turn               j - ring of fire
MPRegen 0.09/turn               (no ring)

@: strong-willed (expiring), on berserk cooldown, regenerating (expiring),
slowed, very slow
A: horns 2, retaliatory headbutt
a: Renounce Religion, Berserk, Trog's Hand


You were on level 6 of the Dungeon.
You worshipped Trog.
Trog was pleased with you.
You visited 1 branch of the dungeon, and saw 4 of its levels.

You collected 205 gold pieces.

Inventory:

Hand Weapons
 a - a +0 spear
 b - a +0 hunting sling
 p - a +3 spear
 s - a +3 quarterstaff of chaos
 u - the +8 mace "Irohaul" {spect, rElec rF+ Int-3 Dex+3}
   (You found it on level 2 of the Dungeon)

   When its wielder attacks, the weapon's spirit leaps out and strikes again.
   The spirit shares a part of any damage it takes with its wielder.
   Int:       It affects your intelligence (-3).
   Dex:       It affects your dexterity (+3).
   rF:        It protects you from fire.
   rElec:     It insulates you from electricity.
 v - the +10 mace "Tasuril" (weapon) {elec, rPois}
   (You found it on level 2 of the Dungeon)

   It occasionally discharges a powerful burst of electricity upon striking a
   foe.
   rPois:     It protects you from poison.
 x - a +0 broad axe
Missiles
 e - a javelin
 w - 2 poisoned darts (quivered)
Armour
 m - a +0 leather armour of fire resistance (worn)
 t - a +2 cloak of willpower (worn)
 z - a +0 pair of gloves
Jewellery
 j - a ring of fire (left hand)
 o - an amulet of reflection
Wands
 n - a wand of polymorph (11)
Scrolls
 c - 3 scrolls of teleportation {unknown}
 d - 5 scrolls of identify {unknown}
 f - 2 scrolls of fear {unknown}
 k - 2 scrolls of torment {unknown}
 q - a scroll of vulnerability {unknown}
 y - a scroll of fog {unknown}
Potions
 g - a potion of berserk rage {unknown}
 h - a potion of might {unknown}
 i - 2 potions of heal wounds {unknown}
 l - a potion of curing {unknown}
 r - a potion of haste {unknown}


   Skills:
 - Level 4.0 Fighting
 + Level 1.0 Maces & Flails
 - Level 7.4 Polearms
 - Level 2.8 Armour
 - Level 2.6 Dodging


You had 4 spell levels left.
You didn't know any spells.
Your spell library was empty.

Dungeon Overview and Level Annotations

Branches:
Dungeon (6/15)
 Temple: D:4-7

Altars:

Shops:
D:2 ?   D:3 =


Innate Abilities, Weirdness & Mutations

You have a pair of horns on your head.
You reflexively headbutt those who attack you in melee.


Message History

The white imp misses you.
You closely miss the white imp. The white imp misses you.
You furiously retaliate!
You headbutt the white imp. The white imp gestures at you.
The puff of frost hits you.
You feel a terrible chill!
The orc priest invokes the aid of Beogh against you.
Beogh smites you!
You sock the white imp!
You kill the white imp!
Trog accepts your kill.
The orc priest hits you but does no damage.
The orc priest hits you with a +0 short sword.
The orc wizard casts a spell at you. You resist with almost no effort.
Your Maces & Flails skill increases to level 1!
Your skin crawls.
You feel strong-willed. The orc priest closely misses you.
The orc priest completely misses you.
The orc wizard points at you and mumbles some strange words.
The puff of flame hits you. You resist.
The orc priest attacks as you move away!
The orc priest hits you with a +0 short sword.
The orc priest mumbles some strange prayers to Beogh against you.
You resist with almost no effort.
The orc warrior hits you from afar with a +0 trident.
The orc wizard gestures at you while chanting.
You resist with almost no effort.
The orc warrior hits you from afar with a +0 trident!
* * * LOW HITPOINT WARNING * * *
The orc warrior hits you from afar with a +0 trident!
* * * LOW HITPOINT WARNING * * *
The orc wizard casts a spell.
The orc wizard flickers and vanishes!
Deactivating autopickup; reactivate with Ctrl-A.
The orc warrior hits you from afar with a +0 trident.
* * * LOW HITPOINT WARNING * * *
You feel the effects of Trog's Hand fading.
The orc priest looks braver for a moment.
The orc warrior hits you from afar with a +0 trident!
You die...

...........#........##.......
...........#.....##.o........
...........#.....#.....##....
...............#o#..##.# ...
.....#..##.#####.#... ... ..
#...###.##.# #.#<.. .### #
.....#..##.# #o#...#.#
........##.# #.#.#.#
........##.# #@# ..##...###.#
#.# ..#..#..##.# #..
#...###.##.# ####
.....#.....# ............
############


You could see an orc warrior and an orc priest.

Vanquished Creatures
  Crazy Yiuf (D:2)
  Terence (D:2)
  Natasha (thrice) (D:2)
  3 gnolls (D:3)
  3 adders
  A white imp (D:6)
  An ufetubus (D:3)
  A dart slug (D:3)
  7 endoplasms
  A giant cockroach (D:3)
  6 goblins
  5 hobgoblins
  3 jackals (D:2)
  4 kobolds
  3 quokkas
  5 ball pythons
  5 bats
  4 frilled lizards
  3 rats
  A spectral kobold (D:1)
61 creatures vanquished.

Notes
Turn   | Place    | Note
-------+----------+-------------------------------------------
     0 | D:1      | yunder69 the Minotaur Berserker began the quest for the
                  | Orb.
     0 | D:1      | Reached XP level 1. HP: 19/19 MP: 0/0
   218 | D:1      | Reached XP level 2. HP: 27/27 MP: 1/1
   310 | D:1      | Found a faded altar of an unknown god.
   960 | D:2      | Reached skill level 4 in Polearms
   982 | D:2      | Noticed Natasha
   989 | D:2      | Killed Natasha
   990 | D:2      | Reached XP level 3. HP: 26/33 MP: 2/2
  1022 | D:2      | Noticed Natasha
  1027 | D:2      | Killed Natasha
  1028 | D:2      | Reached skill level 5 in Polearms
  1028 | D:2      | Reached XP level 4. HP: 29/40 MP: 3/3
  1119 | D:2      | Reached ** piety under Trog
  1156 | D:2      | Noticed Natasha
  1166 | D:2      | Killed Natasha
  1295 | D:2      | Found Weaginyn's Magic Scroll Shop.
  1461 | D:2      | Noticed Terence
  1469 | D:2      | Reached skill level 6 in Polearms
  1475 | D:2      | Killed Terence
  1476 | D:2      | Reached XP level 5. HP: 34/46 MP: 4/4
  1628 | D:2      | Found a runed translucent door.
  1630 | D:2      | Noticed Crazy Yiuf
  1640 | D:2      | Killed Crazy Yiuf
  1644 | D:2      | Identified the +8 mace "Irohaul" {spect, rElec rF+ Int-3
                  | Dex+3}
  1645 | D:2      | Identified the +10 mace "Tasuril" {elec, rPois}
  2019 | D:3      | Reached skill level 7 in Polearms
  2413 | D:3      | Found Qeoppeme's Jewellery Emporium.
  2674 | D:3      | You fall into a shaft and drop 3 floors!
  2793 | D:6      | Noticed an orc warrior
  2797 | D:6      | Reached skill level 1 in Maces & Flails
  2805 | D:6      | HP: 2/46 [orc warrior/+0 trident (14)]
  2809 | D:6      | Slain by an orc warrior

Illustrated notes

Levels and vault maps discovered:
D:1:      shiori_arrival_oz, layout_basic,
          dreamdust_ecumenical_altar_drowned_temple,
          corexii_item_surrounded_by_moat, chequers_serial_rivers_micro_a,
          minmay_misc_feat_x
D:2:      layout_rooms, serial_shops, nicolae_shop_crystal, minmay_pentomino_r4,
          uniq_crazy_yiuf_cottage, uniq_terence, uniq_natasha
D:3:      layout_basic, serial_shops, nicolae_shop_statue_plus,
          minmay_goblin_outpost
D:6:      layout_basic, hangedman_decor_slide_cut, minmay_strange_pillars,
          minmay_misc_feat_secret_circle

Skill      XL: |  1  2  3  4  5 |
---------------+----------------+-----
Fighting       | 4 |  4.0
Polearms       | 4 5 6 7 |  7.4
Maces & Flails | 1 |  1.0
Armour         | |  2.8
Dodging        | |  2.6

Action                   |  1- 3 |  4- 6 || total
-------------------------+-------+-------++-------
Melee: Spear             |    59 |   101 ||   160
       Headbutt          |     6 |    13 ||    19
       Mace              |       |    15 ||    15
       Punch             |       |     1 ||     1
Throw: Javelin           |       |     3 ||     3
       Dart              |       |     2 ||     2
Invok: Berserk           |       |     3 ||     3
       Trog's Hand       |       |     1 ||     1
 Stab: Sleeping          |     1 |       ||     1
Armor: Leather armour    |     5 |    25 ||    30
Dodge: Dodged            |    20 |    59 ||    79

Table legend: (Time is in decaauts)
 A = Elapsed time spent in this place.
 B = Non-inter-level travel time spent in this place.
 C = Inter-level travel time spent in this place.
 D = Time resting spent in this place.
 E = Time spent auto-exploring this place.
 F = Levels seen in this place.
 G = Mean time per level.
                   A        B        C        D        E       F      G
               +--------+--------+--------+--------+--------+-----+--------+
         Total |   2815 |   2590 |    225 |    299 |   1753 |   4 |  703.8 |
       Dungeon |   2815 |   2590 |    225 |    299 |   1753 |   4 |  703.8 |
               +--------+--------+--------+--------+--------+-----+--------+

Top non-repeatable levels by time:
     D:1: 959 daAuts
     D:3: 884 daAuts
     D:2: 829 daAuts
     D:6: 142 daAuts
